 Dungeon Crawl Stone Soup version 0.19-a0-1821-g42c593c (webtiles) character file.

73 Alarkh the Magician (level 4, -5/30 HPs)
             Began as a Mummy Fire Elementalist on Oct 6, 2016.
             Killed from afar by Ijyb (9 damage)
             ... with a wand of lightning
             ... on level 2 of the Dungeon.
             The game lasted 00:02:49 (1629 turns).

Alarkh the Magician (Mummy Fire Elementalist)       Turns: 1629, Time: 00:02:50

Health: -5/30      AC:  2    Str: 11    XL:     4   Next: 8%
Magic:  0/8        EV: 12    Int: 15    God:
Gold:   93         SH:  0    Dex: 12    Spells: 3 memorised, 2 levels left

rFire  x . .     SeeInvis .     g - +0 falchion
rCold  + . .     Gourm    .     a - +0 robe
rNeg   + + +     Faith    .     (no shield)
rPois  ∞         Spirit   .     (no helmet)
rElec  .         Dismiss  .     (no cloak)
rCorr  .         Reflect  .     (no gloves)
MR     .....     Harm     .     (no boots)
Stlth  ++........               (no amulet)
                                (no ring)
                                (no ring)

@: no status effects
A: no food or potions, fire vulnerability, cold resistance 1, negative energy
resistance 3, torment resistance, unbreathing
a: no special abilities


You were on level 2 of the Dungeon.
You were not hungry.

You visited 1 branch of the dungeon, and saw 2 of its levels.

You collected 93 gold pieces.

Inventory:

Hand Weapons
 c - a +0 dagger
 g - a +0 falchion (weapon)
Armour
 a - a +0 robe (worn)
Scrolls
 d - a scroll of recharging {unknown}
 e - a scroll of noise {unknown}
 f - a scroll of fear {unknown}
Books
 b - a book of Flames

   Spells                             Type                      Level
   a - Flame Tongue                   Conjuration/Fire             1
   b - Throw Flame                    Conjuration/Fire             2
   c - Conjure Flame                  Conjuration/Fire             3
   d - Inner Flame                    Hexes/Fire                   3
   e - Sticky Flame                   Conjuration/Fire             4
   f - Fireball                       Conjuration/Fire             5


   Skills:
 - Level 1.5 Dodging
 - Level 1.5 Stealth
 + Level 2.9 Spellcasting
 + Level 2.0 Conjurations
 + Level 2.9 Fire Magic


You had 2 spell levels left.
You knew the following spells:

 Your Spells              Type           Power        Failure   Level  Hunger
a - Flame Tongue          Conj/Fire      #....        10%         1    N/A
b - Throw Flame           Conj/Fire      #.....       12%         2    N/A
c - Conjure Flame         Conj/Fire      #.......     24%         3    N/A

Dungeon Overview and Level Annotations

Branches:
Dungeon (2/15)

Altars:
Gozag

Annotations:
D:2 Ijyb


Innate Abilities, Weirdness & Mutations

You do not eat or drink.
Your flesh is vulnerable to fire.
You are immune to poison.
Your flesh is cold resistant. (rC+)
You are immune to negative energy. (rN+++)
You are immune to unholy pain and torment.
You can survive without breathing.


Message History

Aim: Ijyb, wielding a dagger, wearing a ring mail and carrying a wand of lightning {zapped: 1} (lightly wounded)
The flame tongue hits Ijyb.
Ijyb appears unharmed.
Ijyb is lightly wounded.
Ijyb zaps a wand.
The bolt of lightning misses you.
Casting: Flame Tongue
Confirm with . or Enter, or press ? or * to list all spells.
Aiming: Flame Tongue
Press: ? - help, Shift-Dir - straight line, f/p - Ijyb
Aim: Ijyb, wielding a dagger, wearing a ring mail and carrying a wand of lightning {zapped: 2} (lightly wounded)
The flame tongue hits Ijyb.
Ijyb is moderately wounded.
Ijyb hits you with a dagger.
* * * LOW HITPOINT WARNING * * *
Casting: Flame Tongue
Confirm with . or Enter, or press ? or * to list all spells.
Aiming: Flame Tongue
Press: ? - help, Shift-Dir - straight line, f/p - Ijyb
Aim: Ijyb, wielding a dagger, wearing a ring mail and carrying a wand of lightning {zapped: 2} (moderately wounded)
The flame tongue misses Ijyb.
Ijyb zaps a wand.
The bolt of lightning hits you!
You die...

.##.##†# . #.##.#
l.##s. #.##.# .....
#.##.# ..g. #.##.#####
... #.##.†...# ..
#.######.# .#
###..!..##.#########.#
...####....#....@g...#
##.#########.#########
#.#.........#
##.##.######## ...##.#
#####.# #.....#
#.##### #.#


You could see Ijyb.

Vanquished Creatures
  An adder (D:2)
  A worm (D:2)
  2 dart slugs (D:1)
  2 leopard geckos (D:1)
  3 giant cockroaches
  5 goblins
  10 hobgoblins
  4 jackals (D:1)
  A quokka (D:2)
  A ball python (D:1)
  7 bats
  8 kobolds
  5 rats (D:1)
50 creatures vanquished.

Notes
Turn   | Place    | Note
-------+----------+-------------------------------------------
     0 | D:1      | Alarkh the Mummy Fire Elementalist began the quest for the Orb.
     0 | D:1      | Reached XP level 1. HP: 13/13 MP: 3/3
   155 | D:1      | Reached skill level 1 in Conjurations
   189 | D:1      | Reached XP level 2. HP: 18/19 MP: 0/5
   519 | D:1      | Learned a level 2 spell: Throw Flame
   868 | D:1      | Reached XP level 3. HP: 21/24 MP: 1/6
  1236 | D:2      | Learned a level 3 spell: Conjure Flame
  1455 | D:2      | Found an opulent altar of Gozag.
  1561 | D:2      | Reached XP level 4. HP: 28/30 MP: 1/8
  1617 | D:2      | Noticed Ijyb
  1629 | D:2      | Killed from afar by Ijyb

Vault maps used:
D:1:      dpeg_chamrin_arrival_tetris, serial_curves, eino_curves_02,
          eino_curves_03
D:2:      lemuel_round_altar, uniq_iyjb

Skill      XL: |  1  2  3 |
---------------+----------+-----
Conjurations   | 1 2 |  2.0
Dodging        | |  1.5
Stealth        | |  1.5
Spellcasting   | |  2.9
Fire Magic     | |  2.9

Action                   |  1- 3 |  4- 6 || total
-------------------------+-------+-------++-------
Melee: Dagger            |    29 |       ||    29
       Falchion          |     5 |       ||     5
 Cast: Flame Tongue      |    81 |     9 ||    90
 Stab: Sleeping          |     1 |       ||     1
Armor: Robe              |     5 |     1 ||     6
Dodge: Dodged            |    59 |     1 ||    60
       Rpst.: Falchion   |     1 |       ||     1
